AoeStats
← Darth MBAG

Nomad

510430586Analyzed
4v4 RM · 13h ago on Oct 1, 2026· 33m 31s· 8 players
Game mode
Random Map
Map size
231×231
Population
200
Speed
Normal
Resources
Standard
Victory
Conquest
Starting age
Dark Age
Ending age
Imperial Age
RankedLock teamsTeams togetherTeam positionsShared explorationLock speedFull tech treeHidden civsTurbo modeCheats
Victory
Defeat
🇧🇷 Vietnamese · Brazil
1236
+12
🇧🇷 Huns · Brazil
1170
+15
🇧🇷 Magyars · Brazil
1106
+18
🇨🇱 Vikings · Chile
1100
+19
🇺🇸 Vietnamese · United States
1168
-17
🇺🇸 Romans · United States
1161
-16
🇺🇸 Franks · United States
1149
-16
🇸🇪 Varangians · Sweden
1122
-15
CAS MBAG
13:37 Feudal Age
11:56 Loom
17:19 Castle Age
15:35 Double-Bit Axe
Darth MBAG
5:51 Loom
14:12 Feudal Age
19:37 Castle Age
18:32 Horse Collar
18:42 Double-Bit Axe
18:48 Fishing Lines
20:42 Gillnets
21:05 Bow Saw
20:59 Heavy Plow
21:51 Wheelbarrow
21:02 Town Watch
27:20 Treadmill Crane
30:54 Imperial Age
Cursecrab
8:45 Loom
16:52 Feudal Age
19:36 Double-Bit Axe
24:33 Wheelbarrow
29:54 Castle Age
29:21 Padded Archer Armor
29:43 Fletching
29:58 Elite Skirmisher
31:12 Bow Saw
Kin
11:07 Loom
13:21 Feudal Age
16:08 Double-Bit Axe
20:59 Castle Age
23:48 Bow Saw
23:39 Stone Mining
24:07 Forging
25:49 Wheelbarrow
33:09 Fletching
nborgesfilho
5:28 Loom
12:48 Feudal Age
17:54 Castle Age
17:05 Fletching
18:12 Crossbowman
27:49 Horse Collar
32:08 Wheelbarrow
33:34 Heavy Plow
Cabra da Peste
7:51 Loom
13:51 Feudal Age
15:57 Double-Bit Axe
20:09 Castle Age
23:32 Scale Barding Armor
24:37 Husbandry
24:46 Gold Mining
27:11 Bow Saw
26:43 Horse Collar
29:46 Wheelbarrow
29:51 Gold Shaft Mining
29:41 Bloodlines
30:01 Chain Barding Armor
Locomaxi
5:47 Loom
15:14 Feudal Age
15:54 Fishing Lines
19:13 Castle Age
17:39 Double-Bit Axe
20:49 Squires
25:21 Fletching
29:09 Town Watch
29:54 Town Patrol
33:21 Scale Mail Armor
dionathanbh
4:56 Loom
13:44 Feudal Age
20:42 Castle Age
20:16 Double-Bit Axe
32:06 Ballistics
32:56 Thumb Ring
33:09 Gold Mining
33:35 Fletching
33:46 Padded Archer Armor
Connection lost

Rejoining the realm…

Still unreachable

The connection could not be restored.

Session expired

The server has moved on; the page needs a fresh start.